 Dungeon Crawl Stone Soup version 0.28.0-43-g3370ac3207 (webtiles) character file.

Game seed: 5172295370205126666

2930 themarg the Destroyer (level 9, -3/52 HPs)
             Began as a Tengu Conjurer on Mar 18, 2022.
             Was a Believer of Vehumet.
             Slain by a killer bee (6 damage)
             ... on level 8 of the Dungeon.
             The game lasted 00:39:42 (9796 turns).

themarg the Destroyer (Tengu Conjurer)              Turns: 9796, Time: 00:39:44

Health: -3/52      AC:  6    Str:  8    XL:     9   Next: 79%
Magic:  0/19       EV: 15    Int: 23    God:    Vehumet [**....]
Gold:   292        SH:  5    Dex: 12    Spells: 6/20 levels left

rFire   . . .      SeeInvis +   s - +4 dagger (holy)
rCold   + . .      Faith    .   (no shield)
rNeg    . . .      Spirit   .   D - +0 robe {rC+}
rPois   .          Reflect  +   (helmet restricted)
rElec   .          Harm     .   (no cloak)
rCorr   .          Rampage  .   (no gloves)
Will    .....                   (boots unavailable)
Stlth   +++.......              B - amulet of reflection
HPRegen 0.17/turn               b - ring of see invisible
MPRegen 0.16/turn               H - +4 ring of protection

@: lethally poisoned (-3 -> -14), flying quickly and evasively, slowed, very
slow
A: beak, talons 3, nimble flight
a: Renounce Religion


You were on level 8 of the Dungeon.
You worshipped Vehumet.
Vehumet was pleased with you.
You visited 2 branches of the dungeon, and saw 9 of its levels.

You collected 292 gold pieces.

Inventory:

Hand Weapons
 i - a +3 dagger
 s - a +4 dagger of holy wrath (weapon)
Missiles
 m - 5 curare-tipped darts
 E - 3 poisoned darts
Armour
 a - a +0 robe
 d - an orb of energy
 D - a +0 robe of cold resistance (worn)
Jewellery
 b - a ring of see invisible (left hand)
 f - an amulet of faith
 B - an amulet of reflection (around neck)
 H - a +4 ring of protection (right hand)
Wands
 r - a wand of flame (36)
 y - a wand of polymorph (12)
 z - a wand of iceblast (3)
Scrolls
 c - 2 scrolls of fog {unknown}
 e - 3 scrolls of vulnerability
 g - 3 scrolls of enchant armour {unknown}
 h - a scroll of fear {unknown}
 n - 3 scrolls of teleportation {unknown}
 p - a scroll of blinking {unknown}
 u - a scroll of immolation {unknown}
 v - a scroll of magic mapping {unknown}
 x - a scroll of torment {unknown}
 C - a scroll of noise {unknown}
Potions
 j - 4 potions of mutation
 l - 3 potions of degeneration
 o - a potion of resistance {unknown}
 q - a potion of cancellation {unknown}
 t - a potion of flight {unknown}
 w - 2 potions of lignification {unknown}
 A - 3 potions of curing
 G - a potion of brilliance {unknown}


   Skills:
 * Level 4.6 Fighting
 + Level 2.1 Short Blades
 + Level 4.2 Dodging
 + Level 4.4 Stealth
 + Level 1.6 Shields
 + Level 6.4 Spellcasting
 + Level 10.7 Conjurations
 + Level 0.5 Hexes
 * Level 4.0 Evocations


You had 6 spell levels left.
You knew the following spells:

 Your Spells              Type           Power      Damage    Failure   Level
a - Magic Dart            Conj           100%       1d8       1%          1
b - Searing Ray           Conj           100%       2d8       1%          2
c - Dazzling Flash        Conj/Hex       66%        N/A       2%          3
d - Fulminant Prism       Conj/Hex       16%        3d11      8%          4
e - Iskenderun's Mystic   Conj/Tloc      32%        2d8       9%          4

Your spell library contained the following spells:

 Spells                   Type           Power      Damage    Failure   Level
 Sandblast                Erth           14%        2d6       9%          1
 Irradiate                Conj/Tmut      16%        3d19      24%         5
 Blade Hands              Tmut           3%         N/A       92%         5
 Dragon Form              Tmut           3%         N/A       100%        7


Dungeon Overview and Level Annotations

Branches:
Dungeon (8/15)             Temple (1/1) D:4
   Lair: D:8-11

Altars:
Cheibriados
Dithmenos
Gozag
Kikubaaqudgha
Makhleb
Nemelex Xobeh
Okawaru
Qazlal
Ru
Sif Muna
Trog
Vehumet
Wu Jian
Xom
Yredelemnul
Zin
The Shining One

Annotations:
D:8 Gastronok


Innate Abilities, Weirdness & Mutations

You have a beak for a mouth.
You have claws for feet.
Your magical nature lets you fly swiftly and evasively.


Message History

You feel sick.
Casting: Iskenderun's Mystic Blast (dangerous; 9% risk of failure)
Confirm with . or Enter, or press ? or * to list all spells.
Okay, then.
You feel much better.
You feel sick. The killer bee stings you. x2
You are more poisoned.
The killer bee poisons you! The killer bee closely misses you.
The killer bee misses you. The killer bee barely misses you.
You feel very sick. The killer bee completely misses you.
The killer bee closely misses you.
The killer bee stings you but does no damage.
The killer bee closely misses you. The killer bee barely misses you.
You feel sick. The killer bee misses you. You block the killer bee's attack.
Gastronok bubbles merrily.
The killer bee stings you.
You feel sick. The killer bee stings you. x2
* * * LOW HITPOINT WARNING * * *
Casting: Iskenderun's Mystic Blast (dangerous; 9% risk of failure)
Confirm with . or Enter, or press ? or * to list all spells.
Casting: Dazzling Flash (dangerous; 2% risk of failure)
Press: ? - help, Dir - look around, f - activate The killer bee is dazzled.
Gastronok is dazzled.
You feel sick. You block the killer bee's attack.
The killer bee completely misses you. You block the killer bee's attack.
The killer bee stings you but does no damage.
The killer bee closely misses you. The killer bee completely misses you.
Gastronok looks at you while chanting.
The killer bee barely resists.
The killer bee buzzes angrily.
Casting: Dazzling Flash (dangerous; 2% risk of failure)
Confirm with . or Enter, or press ? or * to list all spells.
You don't have enough magic to cast this spell.
You hit the killer bee. Your kick misses the killer bee.
The killer bee is almost dead.
You feel sick. The killer bee stings you.
* * * LOW HITPOINT WARNING * * *
You are lethally poisoned!
The killer bee poisons you! The killer bee closely misses you.
The killer bee stings you.
You die...

#......##..# #.......
###.....##...###.......
##...........##.........
#....#.##....#.##.......
#...##.##......#........
####..##.##w..............
##.###.#..##...........#.).
#...#..#..yy........#####..
##.....#..@##..####.## .#
##.........####..#.#..# ##
#......##..###........##
##.....##..#.#.....#w... ####
##......).)......##.... #..##
#....#.#####........... ....#
#...##.## ####........
....###.......#######........
....#............##.........#


You could see Gastronok (blind) and 2 killer bees.

Vanquished Creatures
  Eustachio (D:5)
  A wyvern (D:8)
  A steam dragon (D:8)
  2 acid dragons (D:8)
  An orc warrior (D:7)
  Pargi (D:3)
  4 sky beasts
  An ice beast (D:6)
  A black bear (D:6)
  A necrophage (D:4)
  2 kobold brigands
  A bullfrog (D:8)
  A wyvern skeleton (D:6)
  A water moccasin skeleton (D:6)
  2 killer bees (D:8)
  3 wights (D:8)
  A howler monkey (D:7)
  A bullfrog zombie (D:5)
  2 centaur zombies
  A hound (D:6)
  2 jellies
  Crazy Yiuf (D:4)
  An iron imp (D:5)
  2 bullfrog skeletons
  2 gnoll shamans
  Jessica (D:3)
  2 centaur skeletons
  Ijyb (D:3)
  An iguana (D:6)
  5 orc wizards
  8 gnolls
  9 adders
  A shadow imp (D:8)
  2 dart slugs (D:2)
  20 orcs
  3 bats (D:1)
  9 endoplasms
  6 giant cockroaches
  10 goblins
  7 hobgoblins
  6 jackals
  5 quokkas
  5 ball pythons
  4 frilled lizards
  A goblin skeleton (D:5)
  2 goblin zombies (D:5)
  2 hobgoblin zombies (D:5)
  9 kobolds
  A kobold zombie (D:5)
  An orc skeleton (D:5)
  2 orc zombies (D:5)
  8 rats
168 creatures vanquished.

Vanquished Creatures (others)
  5 fulminant prisms (D:8)
  2 plants (D:2)
7 creatures vanquished.

Grand Total: 175 creatures vanquished

Notes
Turn   | Place    | Note
-------+----------+-------------------------------------------
     0 | D:1      | themarg the Tengu Conjurer began the quest for the Orb.
     0 | D:1      | Reached XP level 1. HP: 10/10 MP: 4/4
   341 | D:1      | Reached XP level 2. HP: 15/15 MP: 4/6
   344 | D:1      | Learned a level 2 spell: Searing Ray
   912 | D:1      | Found a faded altar of an unknown god.
   968 | D:1      | Reached skill level 6 in Conjurations
  1341 | D:2      | Reached XP level 3. HP: 19/19 MP: 2/7
  1754 | D:2      | Reached XP level 4. HP: 24/24 MP: 5/8
  2087 | D:2      | Reached skill level 7 in Conjurations
  2867 | D:3      | Gained mutation: Your magical nature lets you fly swiftly
                  | and evasively. [Tengu growth]
  2867 | D:3      | Reached XP level 5. HP: 18/28 MP: 3/10
  3112 | D:3      | Found a snail-covered altar of Cheibriados.
  3138 | D:3      | Noticed Pargi
  3240 | D:3      | Noticed Jessica
  3244 | D:3      | Killed Jessica
  3760 | D:3      | Reached XP level 6. HP: 32/32 MP: 8/11
  3806 | D:3      | Noticed a sky beast
  3813 | D:3      | Killed a sky beast
  3814 | D:3      | Reached skill level 8 in Conjurations
  3921 | D:3      | Killed Pargi
  3922 | D:3      | Reached skill level 1 in Short Blades
  4093 | D:3      | Noticed Ijyb
  4103 | D:3      | Killed Ijyb
  4104 | D:3      | Reached XP level 7. HP: 18/37 MP: 3/13
  4332 | D:3      | Found a bloodstained altar of Trog.
  4638 | D:4      | Found a runed translucent door.
  4639 | D:4      | Noticed Crazy Yiuf
  4645 | D:4      | Killed Crazy Yiuf
  4742 | D:4      | Reached skill level 1 in Fighting
  4796 | D:4      | Learned a level 3 spell: Dazzling Flash
  4899 | D:4      | Found a staircase to the Ecumenical Temple.
  4906 | Temple   | Entered the Ecumenical Temple
  4984 | Temple   | Became a worshipper of Vehumet
  5179 | D:4      | Reached skill level 1 in Evocations
  6140 | D:5      | Entered Level 5 of the Dungeon
  6260 | D:5      | Reached XP level 8. HP: 42/44 MP: 10/16
  6314 | D:5      | Found a glowing golden altar of the Shining One.
  6318 | D:5      | Reached * piety under Vehumet
  6318 | D:5      | Offered knowledge of Shock by Vehumet.
  6319 | D:5      | Reached skill level 9 in Conjurations
  6447 | D:5      | Noticed Eustachio
  6459 | D:5      | Killed Eustachio
  6460 | D:5      | Reached skill level 5 in Spellcasting
  7303 | D:6      | Found a shadowy altar of Dithmenos.
  7930 | D:7      | Reached XP level 9. HP: 51/51 MP: 8/18
  8305 | D:7      | Reached skill level 10 in Conjurations
  9095 | D:8      | Learned a level 4 spell: Fulminant Prism
  9100 | D:8      | Learned a level 4 spell: Iskenderun's Mystic Blast
  9188 | D:8      | Noticed Gastronok
  9308 | D:8      | Reached skill level 1 in Shields
  9377 | D:8      | Offered knowledge of Sandblast by Vehumet.
  9450 | D:8      | Reached ** piety under Vehumet
  9796 | D:8      | Slain by a killer bee

Illustrated notes

Levels and vault maps discovered:
D:1:      psy_arrival_radial01, layout_basic,
          dreamdust_ecumenical_altar_statues, kennysheep_nondescript
D:2:      layout_basic, serial_bayou_lake_a
D:3:      layout_loops_cross, cheibriados_altar_1, mainiacjoe_overflow_paths,
          minmay_between, uniq_ijyb, uniq_pargi, uniq_jessica
D:4:      layout_basic, minmay_temple_entry_arrows, uniq_crazy_yiuf_cottage
D:5:      layout_rooms, nicolae_tso_besieged_by_evil, uniq_eustachio
D:6:      layout_rooms, nicolae_dithmenos_through_a_glass_darkly
D:7:      layout_loops_cross
D:8:      layout_cave_pools, mainiacjoe_overflow_surrounded_room,
          mainiacjoe_overflow_small_starburst, uniq_erica, uniq_gastronok
Temple:   oiseaux_autumnal_temple

Skill      XL: |  1  2  3  4  5  6  7  8  9 |
---------------+----------------------------+-----
Conjurations   | 6 7 8 9 10 | 10.7
Spellcasting   | 3 4 5 6 |  6.4
Short Blades   | 1 2 |  2.1
Stealth        | 3 4 |  4.4
Fighting       | 1 3 4 |  4.6
Evocations     | 1 3 4 |  4.0
Dodging        | 3 4 |  4.2
Shields        | 1 |  1.6
Hexes          | |  0.5

Action                   |  1- 3 |  4- 6 |  7- 9 || total
-------------------------+-------+-------+-------++-------
Melee: Short sword       |     3 |       |       ||     3
       Dagger            |       |    15 |    46 ||    61
       Peck              |       |     2 |    13 ||    15
       Kick              |       |     3 |    15 ||    18
 Cast: Magic Dart        |    48 |    22 |    98 ||   168
       Searing Ray       |     3 |    35 |    66 ||   104
       Iskenderun's Myst |       |       |     5 ||     5
       Fulminant Prism   |       |       |     5 ||     5
       Dazzling Flash    |       |       |     1 ||     1
  Use: Scroll            |       |       |     5 ||     5
       Potion            |       |       |     1 ||     1
 Stab: Sleeping          |       |     1 |       ||     1
       Distracted        |       |       |     1 ||     1
Armor: Robe              |     1 |     3 |    17 ||    21
Dodge: Dodged            |     4 |    26 |    97 ||   127
Block: Other             |       |       |    15 ||    15
       Orb               |       |       |     7 ||     7
       Reflection        |       |       |     1 ||     1
